 Dungeon Crawl Stone Soup version 0.24.0-1-gfbc8707122 (webtiles) character file.

Game seed: 17709153269126137200, levelgen mode: deterministic

7026 Majang the Cleaver (level 10, -3/135 HPs)
             Began as a Minotaur Fighter on Oct 28, 2019.
             Was a Follower of Makhleb.
             Slain by an orc warlord
             ... wielding a +0 war axe of chopping
              (18 damage)
             ... on level 9 of the Dungeon.
             The game lasted 00:33:21 (9253 turns).

Majang the Cleaver (Minotaur Fighter)               Turns: 9253, Time: 00:33:21

Health: -3/135     AC: 15    Str: 29    XL:     10   Next: 82%
Magic:  11/11      EV: 15    Int:  5    God:    Makhleb [*.....]
Gold:   474        SH: 12    Dex: 15    Spells: 9/9 levels left

rFire    x . .     SeeInvis +   a - +0 war axe
rCold    . . .     Gourm    .   c - +0 shield
rNeg     + . .     Faith    .   v - +0 plate armour
rPois    .         Spirit   .   (helmet restricted)
rElec    .         Reflect  .   (no cloak)
rCorr    +         Harm     .   (no gloves)
MR       ++...                  g - +0 pair of boots
Stlth    ..........             j - amulet of rage
HPRegen  0.32/turn              x - ring "Kyumast" {rF- rN+ MR++ SInv Stlth+}
MPRegen  0.12/turn              D - ring of resist corrosion

@: agile, berserking (expiring), lethally poisoned (-3 -> -5), starving, hasted,
very quick
A: retaliatory headbutt, horns 2
a: Renounce Religion, Evoke Berserk Rage


You were on level 9 of the Dungeon.
You worshipped Makhleb.
Makhleb was aware of your devotion.
You were starving.

You visited 3 branches of the dungeon, and saw 11 of its levels.

You collected 474 gold pieces.

Inventory:

Hand Weapons
 a - a +0 war axe (weapon)
 w - a +0 morningstar
Missiles
 e - 11 boomerangs (quivered)
 s - a throwing net
Armour
 c - a +0 shield (worn)
 g - a +0 pair of boots (worn)
 v - a +0 plate armour (worn)
Jewellery
 j - an amulet of rage (around neck)
 r - an uncursed ring of protection from cold {unknown}
 x - the ring "Kyumast" (left hand) {rF- rN+ MR++ SInv Stlth+}
   (You found it on level 7 of the Dungeon)

   [ring of stealth]

   It makes you vulnerable to fire.
   It protects you from negative energy.
   It affects your resistance to hostile enchantments.
   It lets you see invisible.
   It makes you more stealthy.
 D - a ring of resist corrosion (right hand)
Wands
 m - a wand of random effects (34)
 y - a wand of iceblast (2)
 G - a wand of acid (9)
Scrolls
 b - a scroll of amnesia {unknown}
 n - 3 scrolls of enchant weapon {unknown}
 p - 4 scrolls of teleportation
 u - 6 scrolls of remove curse
 z - a scroll of blinking
 B - 3 scrolls of identify
Potions
 d - 2 potions of invisibility {unknown}
 h - 2 potions of haste
 i - 4 potions of agility
 k - a potion of heal wounds {unknown}
 l - a potion of curing
 o - 4 potions of lignification
 q - a potion of ambrosia {unknown}
 t - a potion of cancellation {unknown}
 A - a potion of brilliance {unknown}
 C - a potion of resistance {unknown}
 E - 2 potions of degeneration {unknown}
Comestibles
 f - 29 rations


   Skills:
 + Level 8.4 Fighting
 * Level 10.8 Axes
 - Level 5.0 Throwing
 + Level 8.3 Armour
 + Level 6.7 Dodging
 + Level 8.3 Shields
 + Level 3.9 Invocations


You had 9 spell levels left.
You didn't know any spells.
Your spell library contained the following spells:

 Spells                   Type           Power        Failure   Level  Hunger
 Sting                    Conj/Pois      #...         100%        1    ##.....
 Poisonous Vapours        Pois/Air       #.....       100%        2    ###....
 Mephitic Cloud           Conj/Pois/Air  #.......     100%        3    ####...
 Olgreb's Toxic Radiance  Pois           #.......     100%        4    #####..
 Venom Bolt               Conj/Pois      #.........   100%        5    ######.


Dungeon Overview and Level Annotations

Branches:
Dungeon (9/15)             Temple (1/1) D:6            Lair (0/6) D:8
    Orc (1/2) D:9

Altars:
Ashenzari
Cheibriados
Dithmenos
Elyvilon
Fedhas
Gozag
Hepliaklqana
Kikubaaqudgha
Makhleb
Nemelex Xobeh
Okawaru
Qazlal
Ru
Sif Muna
Trog
Uskayaw
Vehumet
Wu Jian
Xom
Yredelemnul
Zin
The Shining One
Beogh


Innate Abilities, Weirdness & Mutations

You reflexively headbutt those who attack you in melee.
You have a pair of horns on your head.


Message History

You slash the orc warrior! You hit the orc warrior.
You feel sick. You block the orc warrior's attack. The orc warrior misses you.
You block the orc warrior's attack. You block the orc warlord's attack.
You climb upwards.
Welcome back to the Dungeon!
You feel a strong urge to attack something.
You feel sick.
There is a staircase to the Orcish Mines here.
The orc warlord blocks your attack.
The orc warlord is lightly wounded.
You closely miss the orc warrior. You barely miss the orc warrior.
You feel sick. The orc warrior barely misses you. You furiously retaliate!
You headbutt the orc warrior!
The orc warrior hits you with a +0 short sword!
* * * LOW HITPOINT WARNING * * *
The orc warlord blocks your attack.
You headbutt the orc warlord!
The orc warlord is moderately wounded.
You closely miss the orc warrior.
You hit the orc warrior but do no damage.
The orc warlord hits you with a +0 war axe of chopping!!
You die...

##.##...# ##...####...###....###
#.....).## ##..(.....####.##....
#..###...### ##......###...#####.
...###.....###...###..##.#.# ###.
.#..##.....##...## #.>#....###.>.
.##.##........#.## #........##.##
.##.##...(..###..###........##.#
.##........## ##o.###.......#..#
.##........# #@o##........#.##
###[#..)...# #o.##..........## #
#.#......# ##.##...........##
##.#.#....######.##............#
##.>#.####.....##.##........#####
......# #####.##.##)##...###
......########.##........## ##
......................##.# ##.
......########.###.......# ##..


You could see an orc warlord and 2 orc warriors.

Vanquished Creatures
  2 two-headed ogres
  The ghost of Apachew the Magician, a novice GnSk of Sif Muna (D:9)
  2 hippogriffs
  A spriggan (D:7)
  6 wraiths (D:8)
  Menkaure (D:7)
  2 wargs (Orc:1)
  An ice beast (D:7)
  3 orc warriors
  3 sky beasts
  5 ogres
  4 centaurs
  4 bullfrogs
  3 scorpions
  3 wights (D:7)
  A howler monkey (D:4)
  6 crimson imps
  2 jellies (D:5)
  12 orc priests
  A centaur skeleton (D:4)
  6 hounds
  9 orc wizards
  Ijyb (D:4)
  Terence (D:3)
  9 worker ants
  A worker ant zombie (D:5)
  7 adders
  An ooze (D:4)
  An adder skeleton (D:7)
  A worm (D:4)
  3 dart slugs
  5 leopard geckos
  36 orcs
  3 ball pythons
  9 bats
  2 giant cockroaches
  5 hobgoblins
  8 jackals
  3 quokkas
  6 frilled lizards
  7 goblins
  9 kobolds
  A leopard gecko skeleton (D:9)
  A quokka zombie (D:8)
  8 rats
206 creatures vanquished.

Notes
Turn   | Place    | Note
-------+----------+-------------------------------------------
     0 | D:1      | Majang the Minotaur Fighter began the quest for the Orb.
     0 | D:1      | Reached XP level 1. HP: 19/19 MP: 0/0
   120 | D:1      | Reached XP level 2. HP: 15/27 MP: 1/1
   472 | D:1      | Reached skill level 3 in Axes
   552 | D:1      | Reached XP level 3. HP: 32/33 MP: 2/2
   625 | D:1      | Reached skill level 1 in Dodging
  1062 | D:2      | Reached skill level 1 in Throwing
  1204 | D:2      | Found an opulent altar of Gozag.
  1441 | D:3      | Found a glowing silver altar of Zin.
  1445 | D:3      | Reached XP level 4. HP: 40/40 MP: 3/3
  1653 | D:3      | Found a shattered altar of Ashenzari.
  1736 | D:3      | Noticed Terence
  1746 | D:3      | Killed Terence
  1781 | D:3      | Found a bloodstained altar of Trog.
  1931 | D:4      | Found a snail-covered altar of Cheibriados.
  1938 | D:4      | Reached XP level 5. HP: 46/46 MP: 4/4
  1981 | D:4      | Reached skill level 4 in Axes
  2017 | D:5      | Entered Level 5 of the Dungeon
  2121 | D:5      | Found an iron altar of Okawaru.
  2136 | D:5      | Noticed an ogre
  2145 | D:5      | Killed an ogre
  2145 | D:5      | Reached XP level 6. HP: 53/53 MP: 5/5
  2181 | D:5      | Found a shadowy altar of Dithmenos.
  2220 | D:5      | Reached skill level 5 in Axes
  2614 | D:5      | Reached XP level 7. HP: 58/60 MP: 6/6
  2651 | D:5      | Reached skill level 5 in Fighting
  2651 | D:5      | Reached skill level 5 in Armour
  2651 | D:5      | Reached skill level 5 in Shields
  3277 | D:5      | Reached skill level 6 in Axes
  3326 | D:6      | Found an ornate altar of the Wu Jian Council.
  3508 | D:6      | Reached XP level 8. HP: 59/69 MP: 7/7
  3513 | D:6      | Found a staircase to the Ecumenical Temple.
  3522 | Temple   | Entered the Ecumenical Temple
  4164 | D:7      | Noticed a hippogriff
  4170 | D:7      | Killed a hippogriff
  4170 | D:7      | Reached skill level 7 in Axes
  4652 | D:7      | Found a basalt altar of Yredelemnul.
  4652 | D:7      | Found a glowing golden altar of the Shining One.
  4652 | D:7      | Found a shimmering blue altar of Sif Muna.
  4733 | D:7      | Reached XP level 9. HP: 24/78 MP: 8/8
  4942 | D:7      | Reached skill level 8 in Axes
  5046 | D:7      | Noticed Menkaure
  5059 | D:7      | Killed Menkaure
  5570 | D:7      | Got a wavering pewter ring
  5571 | D:7      | Identified the ring "Kyumast" {rF- rN+ MR++ SInv Stlth+}
                  | (You found it on level 7 of the Dungeon)
  5602 | D:7      | Found a sparkling altar of Nemelex Xobeh.
  5678 | D:7      | Found a burning altar of Makhleb.
  5683 | D:7      | Became a worshipper of Makhleb the Destroyer
  5819 | D:4      | Noticed Ijyb
  5848 | D:4      | Killed Ijyb
  6525 | D:7      | Reached skill level 5 in Dodging
  6530 | D:7      | Found a hazy altar of Hepliaklqana.
  6638 | D:8      | Found a staircase to the Lair.
  6716 | D:8      | Reached skill level 1 in Invocations
  6806 | D:8      | Reached skill level 9 in Axes
  6839 | D:8      | Reached skill level 5 in Throwing
  7096 | D:8      | Found the +5 scythe "Finisher" {speed, eviscerate}
  7191 | D:8      | Noticed a two-headed ogre
  7197 | D:8      | Killed a two-headed ogre
  7197 | D:8      | Reached XP level 10. HP: 55/86 MP: 10/10
  8213 | D:9      | Reached skill level 10 in Axes
  8236 | D:9      | Found a staircase to the Orcish Mines.
  8254 | D:9      | Noticed a two-headed ogre
  8260 | D:9      | Killed a two-headed ogre
  8260 | D:9      | Reached * piety under Makhleb
  8305 | D:9      | Found a runed translucent door.
  8310 | D:9      | Noticed Apachew's ghost (novice GnSk)
  8329 | D:9      | Killed Apachew's ghost
  8493 | D:9      | Found an ornate altar of the Wu Jian Council.
  8680 | D:9      | Found a roughly hewn altar of Beogh.
  8840 | Orc:1    | Entered Level 1 of the Orcish Mines
  8867 | Orc:1    | Noticed an orc warlord
  8868 | Orc:1    | HP: 2/90 [orc wizard/magic dart (3)]
  9248 | Orc:1    | Noticed a two-headed ogre
  9253 | D:9      | Slain by an orc warlord

Levels and vault maps discovered:
D:1:      dpeg_arrival_refuge, layout_loops_ring
D:2:      layout_rooms, lemuel_doored_altar, minmay_indecisive_spiral
D:3:      layout_rooms, cheibrodos_ashenzari_chains, overflow_temple_1_default,
          first_ration, bloody_trog, uniq_terence
D:4:      layout_rooms, old_standard_altar, nrook_mini_vaults, uniq_ijyb
D:5:      layout_basic, nicolae_dithmenos_the_darkroom, kennysheep_mini,
          grunt_ministairs_3
D:6:      layout_gridville, overflow_temple_1_default,
          minmay_temple_entry_mini_moons
D:7:      layout_basic, lemuel_crystal_altar, marbit_many_paths,
          kennysheep_little_box, chequers_temple_overflow_statue_of_worship,
          the_bakery, uniq_menkaure
D:8:      layout_basic, lair_entry_dummy, minmay_guarded_unrand_finisher
D:9:      layout_rooms, orc_0_dummy, ebering_ghost_reflecting_pool, basic_altar,
          david_defended_altar_orc
Temple:   nicolae_temple_figure_zero
Orc:1:    layout_diamond_mine, serial_shops, mines5_lemuel, uniq_erica

Skill      XL: |  1  2  3  4  5  6  7  8  9 10 |
---------------+-------------------------------+-----
Axes           | 3 4 5 6 7 9 10 | 10.8
Dodging        | 1 2 3 4 5 6 |  6.7
Shields        | 4 5 6 7 8 |  8.3
Armour         | 4 5 6 7 8 |  8.3
Throwing       | 1 2 3 4 5 |  5.0
Fighting       | 4 5 6 7 8 |  8.4
Invocations    | 2 3 |  3.9

Action                   |  1- 3 |  4- 6 |  7- 9 | 10-12 || total
-------------------------+-------+-------+-------+-------++-------
Melee: War axe           |   131 |    82 |   333 |   141 ||   687
       Headbutt          |     9 |    20 |    67 |    30 ||   126
Throw: Boomerang         |       |    12 |    22 |    15 ||    49
 Abil: Evoke Berserk Rag |       |       |       |     2 ||     2
  Use: Scroll            |       |     7 |     1 |     1 ||     9
       Potion            |       |       |     5 |     3 ||     8
  Eat: Chunk             |     2 |     4 |    15 |     6 ||    27
Armor: Scale mail        |    78 |    27 |    54 |       ||   159
       Plate armour      |       |       |    67 |    40 ||   107
       Skin              |       |       |    11 |       ||    11
Dodge: Dodged            |    33 |    21 |    88 |    27 ||   169
Block: Shield            |    86 |    35 |   150 |    77 ||   348
